 Dungeon Crawl Stone Soup version 0.30-a0-800-g7c544603b3 (webtiles) character file.

Game seed: 12431207367570666963

44 dolemite99 the Conjurer (level 3, 0/19 HPs)
             Began as a Gargoyle Conjurer on Feb 21, 2023.
             Slain by Terence
             ... wielding a +2 flail of pain
              (2 damage)
             ... on level 2 of the Dungeon.
             The game lasted 00:01:40 (2659 turns).

dolemite99 the Conjurer (Gargoyle Conjurer)         Turns: 2659, Time: 00:01:41

Health: 0/19       AC:  5    Str: 10    XL:     3   Next: 60%
Magic:  2/6        EV: 11    Int: 20    God:
Gold:   15         SH:  0    Dex:  8    Spells: 3/6 levels left

rFire   . . .      SeeInvis .    h - +0 spear
rCold   . . .      Faith    .    (no shield)
rNeg    + . .      Spirit   .    a - +0 robe
rPois   ∞          Reflect  .    (no helmet)
rElec   +          Harm     .    (no cloak)
rCorr   .          Rampage  .    (no gloves)
Will    .....                    (no boots)
Stlth   ++                       (no amulet)
HPRegen 0.23/turn                (no ring)
MPRegen 0.10/turn                (no ring)

@: no status effects
A: sickness immunity, AC +3, negative energy resistance 1, electricity
resistance, torment resistance 1, petrification resistance
a: no special abilities


You were on level 2 of the Dungeon.
You visited 1 branch of the dungeon, and saw 2 of its levels.

You collected 15 gold pieces.

Inventory:

Hand Weapons
 d - a +0 dagger
 h - a +0 spear (weapon)
Armour
 a - a +0 robe (worn)
Scrolls
 f - a scroll of enchant weapon {unknown}
 g - a scroll of identify {unknown}
Potions
 c - 2 potions of might {unknown}
 e - a potion of heal wounds {unknown}


   Skills:
 - Level 1.5 Dodging
 - Level 2.1 Stealth
 - Level 2.0 Spellcasting
 + Level 5.8 Conjurations


You had 3 spell levels left.
You knew the following spells:

 Your Spells              Type           Power      Damage    Failure   Level
a - Magic Dart            Conj           100%       1d8       1%          1
b - Searing Ray           Conj           50%        2d6       2%          2

Your spell library contained the following spells:

 Spells                   Type           Power      Damage    Failure   Level
 Dazzling Flash           Conj/Hex       26%        N/A       14%         3
 Ozocubu's Armour         Ice            2%         N/A       43%         3
 Fulminant Prism          Conj/Hex       6%         3d7       43%         4
 Iskenderun's Mystic Bla  Conj/Tloc      13%        2d5       43%         4
 Metabolic Englaciation   Hex/Ice        1%         N/A       99%         5
 Simulacrum               Ice/Necr       1%         N/A       100%        6


Dungeon Overview and Level Annotations

Branches:
Dungeon (2/15)

Altars:
Zin

Annotations:
D:2 Terence


Innate Abilities, Weirdness & Mutations

You are immune to sickness and miasma.
Your stone body is resilient. (AC +3)
You are immune to poison.
You resist negative energy. (rN+)
You are resistant to electric shocks. (rElec)
You are resistant to unholy torment.
You are immune to petrification.


Message History

Aim: Terence, wielding a +2 flail of pain and wearing a +0 chain mail (lightly wounded, 100% to hit)
The magic dart hits Terence.
Terence is lightly wounded.
Casting: Magic Dart (safe; 1% risk of failure)
Confirm with . or Enter, or press ? or * to list all spells.
Aiming: Searing Ray (safe; 2% risk of failure)
Press: ? - help, Shift-Dir - straight line, f - kobold, p - Terence
Aim: a kobold, wielding a +0 short sword and wearing a +0 leather armour (74% to hit)
The searing ray misses Terence.
The searing ray misses the kobold. (Press . to maintain the ray.)
The searing ray hits Terence.
Terence is moderately wounded.
The searing ray misses the kobold.
Terence hits you with a +2 flail of pain.
The searing ray hits Terence.
Terence is heavily wounded.
The searing ray hits the kobold.
You kill the kobold!
Terence hits you with a +2 flail of pain.
Without enough magic to sustain it, your searing ray dissipates.
Terence barely misses you. Terence misses you. Magic courses through your body.
Terence barely misses you.
Casting: Searing Ray (safe; 2% risk of failure)
Confirm with . or Enter, or press ? or * to list all spells.
Aiming: Searing Ray (safe; 2% risk of failure)
Press: ? - help, Shift-Dir - straight line, f - Terence
Aim: Terence, wielding a +2 flail of pain and wearing a +0 chain mail (heavily wounded, 85% to hit)
The searing ray hits Terence but does no damage.
Terence is heavily wounded. (Press . to maintain the ray.) Terence barely misses you.
The searing ray hits Terence but does no damage.
Terence is heavily wounded.
Terence hits you with a +2 flail of pain!
* * * LOW HITPOINT WARNING * * *
The searing ray hits Terence.
Terence is almost dead.
Terence hits you with a +2 flail of pain.
You die...

####.....#
#......#
###...#. #.....#
#......# ###...
##....# #......#
##.. ##'###
#......# #.. #.#
######## ##. #.#
#### #. #.#
..... #+
##.#######......
#......@@)......
#......###......
#......# .....
#......# ....
#....†.# ...
#......# ..
#......# .
#......#
########


You could see Terence.

Vanquished Creatures
  A dart slug (D:2)
  5 bats
  4 endoplasms
  A giant cockroach (D:2)
  4 goblins
  A hobgoblin (D:2)
  2 jackals (D:1)
  2 quokkas (D:1)
  5 ball pythons
  5 frilled lizards
  5 kobolds (D:2)
  3 rats (D:1)
38 creatures vanquished.

Notes
Turn   | Place    | Note
-------+----------+-------------------------------------------
     0 | D:1      | dolemite99 the Gargoyle Conjurer began the quest for the
                  | Orb.
     0 | D:1      | Reached XP level 1. HP: 10/10 MP: 3/3
   119 | D:1      | You fall into a shaft and drop 1 floor!
   406 | D:2      | Reached XP level 2. HP: 6/15 MP: 0/5
   719 | D:2      | Reached skill level 5 in Conjurations
   842 | D:2      | Found a glowing silver altar of Zin.
  1146 | D:1      | Reached XP level 3. HP: 19/19 MP: 1/6
  1313 | D:1      | Learned a level 2 spell: Searing Ray
  2645 | D:2      | Noticed Terence
  2659 | D:2      | Slain by Terence

Illustrated notes

Levels and vault maps discovered:
D:1:      zelgadis_glass_arrival_small, layout_loops_ring
D:2:      layout_basic, basic_altar, uniq_terence

Skill      XL: |  1  2 |
---------------+-------+-----
Conjurations   | 5 |  5.8
Dodging        | |  1.5
Stealth        | |  2.1
Spellcasting   | |  2.0

Action                     || total
---------------------------++-------
  Melee: Unarmed           ||     4
         Dagger            ||    13
   Cast: Magic Dart        ||    73
         Searing Ray       ||     4
    Use: Potion            ||     1
 Armour: Robe              ||    19
  Dodge: Dodged            ||    35

Table legend: (Time is in decaauts)
 A = Elapsed time spent in this place.
 B = Non-inter-level travel time spent in this place.
 C = Inter-level travel time spent in this place.
 D = Time resting spent in this place.
 E = Time spent auto-exploring this place.
 F = Levels seen in this place.
 G = Mean time per level.
                   A        B        C        D        E       F      G
               +--------+--------+--------+--------+--------+-----+--------+
         Total |   2659 |   2618 |     41 |   1124 |   1223 |   2 | 1329.5 |
       Dungeon |   2659 |   2618 |     41 |   1124 |   1223 |   2 | 1329.5 |
               +--------+--------+--------+--------+--------+-----+--------+

Top non-repeatable levels by time:
     D:2: 1400 daAuts
     D:1: 1258 daAuts
